 Dungeon Crawl Stone Soup version 0.23.0-3-gf3c87f2df8 (webtiles) character file.

Game seed: 8692603094634920163

11858063 Finguili the Conqueror (level 27, 199/199 HPs)
             Began as a Gargoyle Earth Elementalist on Feb 13, 2019.
             Was the Champion of Vehumet.
             Escaped with the Orb
             ... and 15 runes on Feb 23, 2019!
             The game lasted 12:00:37 (137241 turns).

Finguili the Conqueror (GrEE)                     Turns: 137241, Time: 12:00:37

Health: 199/199    AC: 46    Str: 19    XL:     27
Magic:  48/48      EV: 18    Int: 38    God:    Vehumet [******]
Gold:   11732      SH:  5    Dex: 11    Spells: 0/68 levels left

rFire    + + .     SeeInvis +   w - staff of conjuration
rCold    + . .     Gourm    .   L - +1 buckler {reflect}
rNeg     + + .     Faith    .   Y - quicksilver dragon scales
rPois    ∞         Spirit   .   f - +0 mask of the Dragon {MR+ Slay+3 SInv}
rElec    +         Reflect  +   X - scarf {rC+ rF+}
rCorr    +         Harm     .   K - +2 pair of gloves {Dex+3}
MR       +++++                  j - +2 pair of boots {run}
Stlth    ++........             O - amulet of Idealism {Acrobat Str+2}
HPRegen  0.43/turn              I - ring "Huamox" {rF+ MR++ Str+4 Int+5}
MPRegen  0.31/turn              q - ring "Musu" {rCorr rN+ Int+5 Stlth+}

@: flying, deflect missiles, quick
A: big wings, talons 1, clumsy 1, deterioration 1, mutation resistance 1,
negative energy resistance 1, electricity resistance, wild magic 1, unbreathing,
petrification resistance, rot immunity, AC +20
0: Orb of Zot
}: 15/15 runes: decaying, serpentine, slimy, silver, golden, iron, obsidian,
icy, bone, abyssal, demonic, glowing, magical, fiery, dark
a: Stop Flying, Renounce Religion


You escaped.
You worshipped Vehumet.
Vehumet was exalted by your worship.
You were not hungry.

You visited 18 branches of the dungeon, and saw 90 of its levels.
You visited Pandemonium 1 time, and saw 13 of its levels.
You visited the Abyss 1 time.
You visited 1 bazaar.
You also visited: Trove.

You collected 14059 gold pieces.
You spent 2327 gold pieces at shops.

Inventory:

Hand Weapons
 a - a +7 sacred scourge of holy wrath
Missiles
 r - a throwing net (quivered)
Armour
 f - the +0 mask of the Dragon (worn) {MR+ Slay+3 SInv}
   (You found it on level 1 of the Realm of Zot)

   It affects your accuracy and damage with ranged weapons and melee attacks
   (+3).
   It affects your resistance to hostile enchantments.
   It lets you see invisible.
 j - a +2 pair of boots of running (worn)
 o - +2 ice dragon scales
 K - a +2 pair of gloves of dexterity (worn)
 L - a +1 buckler of reflection (worn)
 X - a scarf of resistance (worn)
 Y - quicksilver dragon scales (worn)
Magical Staves
 b - an uncursed staff of energy
 w - an uncursed staff of conjuration (weapon)
Jewellery
 q - the ring "Musu" (right hand) {rCorr rN+ Int+5 Stlth+}
   (You took it off a tengu warrior on level 4 of the Depths)

   [ring of resist corrosion]

   It affects your intelligence (+5).
   It protects you from negative energy.
   It makes you more stealthy.
 I - the ring "Huamox" (left hand) {rF+ MR++ Str+4 Int+5}
   (You took it off a deep elf annihilator on level 3 of the Elven Halls)

   [ring of intelligence]

   It affects your strength (+4).
   It affects your intelligence (+5).
   It protects you from fire.
   It affects your resistance to hostile enchantments.
 O - the amulet of Idealism (around neck) {Acrobat Str+2}
   (You found it on level 1 of the Depths)

   [amulet of the acrobat]

   It helps you evade while moving and waiting.
   It affects your strength (+2).
 V - the ring of Satisfaction {*Corrode rC+ rN++ Dex+2 SInv}
   (You found it on level 3 of the Crypt)

   [ring of dexterity]

   It affects your dexterity (+2).
   It protects you from cold.
   It greatly protects you from negative energy.
   It lets you see invisible.
   It may corrode you when you take damage.
Wands
 G - a wand of clouds (18)
 P - a wand of scattershot (3)
 S - a wand of digging (10)
 U - a wand of acid (16)
 Z - a wand of paralysis (27)
Scrolls
 k - 32 scrolls of teleportation
 n - 12 scrolls of fog
 t - 11 scrolls of identify
 v - 18 scrolls of remove curse
 C - 5 scrolls of holy word
 D - 3 scrolls of blinking
 J - 15 scrolls of fear
 N - 8 scrolls of summoning
Potions
 c - 4 potions of invisibility
 e - 7 potions of mutation
 g - a potion of magic
 h - 8 potions of heal wounds
 i - 6 potions of might
 l - 2 potions of cancellation
 m - 23 potions of curing
 A - 13 potions of agility
 B - 8 potions of ambrosia
 H - a potion of brilliance
 M - a potion of berserk rage
 W - 2 potions of resistance
Miscellaneous
 p - a figurine of a ziggurat
 s - a sack of spiders
 u - a phantom mirror
 y - 4 boxes of beasts
 E - a crystal ball of energy
 F - the horn of Geryon
 Q - a fan of gales
 R - a lamp of fire
Comestibles
 d - 24 rations


   Skills:
 O Level 27 Fighting
 - Level 16.0 Maces & Flails
 + Level 20.7 Armour
 - Level 15.0 Dodging
 - Level 12.4 Stealth
 - Level 4.1 Shields
 - Level 21.1 Spellcasting
 - Level 24.0 Conjurations
   Level 1.1 Hexes
 - Level 8.1 Charms
 - Level 10.0 Summonings
 - Level 20.0 Translocations
 - Level 2.0 Transmutations
 - Level 22.0 Fire Magic
 - Level 8.0 Air Magic
 - Level 23.0 Earth Magic
 - Level 15.0 Evocations


You couldn't memorise any spells.
You knew the following spells:

 Your Spells              Type           Power        Failure   Level  Hunger
a - Lehudib's Crystal Sp  Conj/Erth      #########.   1%          8    ##.....
b - Shatter               Erth           ########..   3%          9    ####...
c - Iron Shot             Conj/Erth      #########.   1%          6    None
d - Summon Butterflies    Summ           ########     1%          1    None
e - Regeneration          Chrm/Necr      #######...   1%          3    None
f - Swiftness             Chrm/Air       #######.     1%          2    None
g - Fire Storm            Conj/Fire      #########.   3%          9    ####...
h - Deflect Missiles      Chrm/Air       #######...   8%          6    None
i - Spellforged Servitor  Conj/Summ      ########..   1%          7    None
j - Controlled Blink      Tloc           N/A          3%          8    ##.....
A - Apportation           Tloc           ######       1%          1    None
B - Blink                 Tloc           N/A          1%          2    None
G - Passage of Golubria   Tloc           N/A          1%          4    None
P - Passwall              Tmut/Erth      ########     1%          2    None

Your spell library contained the following spells:

 Spells                   Type           Power        Failure   Level  Hunger
 Animate Skeleton         Necr           N/A          1%          1    None
 Beastly Appendage        Tmut           ######       1%          1    None
 Confusing Touch          Hex            ######       1%          1    None
 Flame Tongue             Conj/Fire      #####        1%          1    None
 Infusion                 Chrm           ####         1%          1    None
 Magic Dart               Conj           ####         1%          1    None
 Sandblast                Erth           ######       1%          1    None
 Shock                    Conj/Air       ####         1%          1    None
 Sting                    Conj/Pois      ####         1%          1    None
 Summon Small Mammal      Summ           ####         1%          1    None
 Call Imp                 Summ           ########     1%          2    None
 Poisonous Vapours        Pois/Air       ######       1%          2    None
 Searing Ray              Conj           ######       1%          2    None
 Shroud of Golubria       Chrm/Tloc      ########..   1%          2    None
 Song of Slaying          Chrm           #######.     1%          2    None
 Sticks to Snakes         Tmut           ######..     1%          2    None
 Throw Flame              Conj/Fire      ######       1%          2    None
 Call Canine Familiar     Summ           ########     1%          3    None
 Conjure Flame            Conj/Fire      ########     1%          3    None
 Gell's Gravitas          Tloc           ########..   1%          3    None
 Ignite Poison            Fire/Tmut/Pois #######.     1%          3    None
 Inner Flame              Hex/Fire       ########     1%          3    None
 Lesser Beckoning         Tloc           ########..   1%          3    None
 Mephitic Cloud           Conj/Pois/Air  ########     1%          3    None
 Portal Projectile        Hex/Tloc       ######       1%          3    None
 Recall                   Summ/Tloc      N/A          1%          3    None
 Spectral Weapon          Hex/Chrm       #######.     1%          3    None
 Static Discharge         Conj/Air       ########     1%          3    None
 Stone Arrow              Conj/Erth      ######       1%          3    None
 Summon Guardian Golem    Hex/Summ       #######.     1%          3    None
 Teleport Other           Tloc           ########     1%          3    None
 Airstrike                Air            #######...   1%          4    None
 Force Lance              Conj/Tloc      ########     1%          4    None
 Iskenderun's Mystic Bla  Conj           ########     1%          4    None
 Leda's Liquefaction      Hex/Erth       ########..   1%          4    None
 Petrify                  Tmut/Erth      ########     1%          4    None
 Sticky Flame             Conj/Fire      ########     1%          4    None
 Summon Lightning Spire   Summ/Air       #######.     1%          4    None
 Bolt of Magma            Conj/Fire/Erth #########.   1%          5    None
 Borgnjor's Vile Clutch   Necr/Erth      ########..   1%          5    None
 Fireball                 Conj/Fire      #########.   1%          5    None
 Irradiate                Conj/Tmut      ########..   1%          5    None
 Iskenderun's Battlesphe  Conj/Chrm      ########     1%          5    None
 Lee's Rapid Deconstruct  Erth           ########..   1%          5    None
 Lightning Bolt           Conj/Air       ########..   1%          5    None
 Summon Forest            Summ/Tloc      ########..   1%          5    None
 Venom Bolt               Conj/Pois      ########..   1%          5    None
 Bolt of Cold             Conj/Ice       ########..   1%          6    None
 Bolt of Fire             Conj/Fire      #########.   1%          6    None
 Conjure Ball Lightning   Conj/Air       ########..   1%          6    None
 Dispersal                Tloc           ########..   1%          6    None
 Freezing Cloud           Conj/Ice/Air   ########..   1%          6    None
 Orb of Destruction       Conj           #########.   1%          7    None
 Ignition                 Fire           ########..   1%          8    ##.....
 Corpse Rot               Necr           N/A          2%          2    None
 Summon Ice Beast         Ice/Summ       #######.     2%          4    None
 Confuse                  Hex            ######..     3%          3    None
 Spider Form              Tmut/Pois      ######....   3%          3    None
 Tukima's Dance           Hex            ######..     3%          3    None
 Olgreb's Toxic Radiance  Pois           ######..     3%          4    None
 Malign Gateway           Summ/Tloc      ########..   3%          7    None
 Ring of Flames           Chrm/Fire      ########..   3%          7    None
 Disjunction              Tloc           ########..   3%          8    ##.....
 Yara's Violent Unravell  Hex/Tmut       ######....   5%          5    None
 Silence                  Hex/Air        #######...   6%          5    None
 Cause Fear               Hex            ######....   9%          4    None
 Ice Form                 Ice/Tmut       ######..     10%         4    None
 Animate Dead             Necr           N/A          13%         4    None
 Blade Hands              Tmut           ######....   16%         5    None
 Summon Hydra             Summ           ########..   17%         7    None
 Alistair's Intoxication  Tmut/Pois      ######..     22%         5    None
 Metabolic Englaciation   Hex/Ice        ######....   26%         5    None
 Ozocubu's Refrigeration  Ice            ######....   38%         6    None
 Hydra Form               Tmut           ######....   61%         6    None
 Darkness                 Hex            ######....   73%         6    None
 Invisibility             Hex            ######..     73%         6    None
 Haunt                    Necr/Summ      #######...   75%         7    None
 Death Channel            Necr           ######....   86%         6    None
 Simulacrum               Ice/Necr       ######....   86%         6    None
 Dragon Form              Tmut           ######....   98%         7    None
 Borgnjor's Revivificati  Necr           ######....   100%        8    ##.....
 Death's Door             Chrm/Necr      #######...   100%        8    ##.....
 Discord                  Hex            ######....   100%        8    ##.....
 Infestation              Necr           ######....   100%        8    ##.....
 Necromutation            Tmut/Necr      ######....   100%        8    ##.....
 Dragon's Call            Summ           ########..   100%        9    ####...
 Tornado                  Air            #######...   100%        9    ####...
 Sublimation of Blood     Necr           Unusable     N/A         2    N/A

Dungeon Overview and Level Annotations

Branches:
Dungeon (15/15)            Temple (1/1) D:4            Lair (6/6) D:9
  Swamp (4/4) Lair:3        Snake (4/4) Lair:2        Slime (5/5) Lair:5
    Orc (2/2) D:9             Elf (3/3) Orc:2        Vaults (5/5) D:13
  Crypt (3/3) Vaults:2       Tomb (3/3) Crypt:3      Depths (5/5) D:15
   Hell (1/1)                 Dis (7/7) Hell            Geh (7/7) Hell
    Coc (7/7) Hell            Tar (7/7) Hell            Zot (5/5) Depths:5

Altars:
Ashenzari
Cheibriados
Dithmenos
Elyvilon
Fedhas
Gozag
Hepliaklqana
Kikubaaqudgha
Makhleb
Nemelex Xobeh
Okawaru
Qazlal
Ru
Sif Muna
Trog
Uskayaw
Vehumet
Wu Jian
Xom
Yredelemnul
Zin
The Shining One
Lugonu

Shops:
D:6 %   D:13 ?   D:14 *   Orc:2 (*[:   Elf:3 *

Portals:
Hell: Lair:6 Depths:1 Depths:2 Depths:3 Depths:4 Depths:5
Abyss: Depths:1 Depths:3 Depths:4
Pandemonium: Depths:3 Depths:4
Ziggurat: Depths:3

Annotations:
D:7 Harold
D:9 exclusion: 2 upstairs
Lair:1 2 transporters, D1HalberdGnoll's ghost, journeyman DsAK
Lair:4 3 runed translucent doors, Nubia's ghost, journeyman GnEn
Snake:4 1 runed translucent door, Wastraiff's ghost, adept BaSu
Elf:2 5 runed translucent doors
Depths:2 2 transporters
Coc:7 exclusion: ice statue
Zot:1 2 transporters


Innate Abilities, Weirdness & Mutations

You are resistant to torment.
Your stone body is resilient. (AC +20)
You are immune to poison.
Your large and strong wings let you fly indefinitely.
You resist negative energy. (rN+)
You are resistant to electric shocks. (rElec)
You can survive without breathing.
You are immune to petrification.
You are immune to rotting.
You have sharp toenails.
You are clumsy. (Dex -2)
Your body sometimes deteriorates upon taking damage.
You are somewhat resistant to further mutation.
Your spells are a little harder to cast, but a little more powerful.


Message History

You swap places.
A reaper comes into view. It is wielding a +0 scythe of venom.
(D) Dungeon (T) Temple (L) Lair (S) Swamp (P) Snake Pit (M) Slime Pits (O) Orcish Mines (E) Elven Halls (V) Vaults (C) Crypt (W) Tomb (U) Depths (H) Hell (I) Dis (G) Gehenna (X) Cocytus (Y) Tartarus (Z) Zot
Where to? (Enter - D:1, ? - help)
There is a stone staircase leading up here.
You fly upwards.
There is a stone staircase leading down here.
HP restored.
There is a stone staircase leading up here.
You fly upwards.
There is a stone staircase leading down here.
There is a staircase leading out of the dungeon here.
You eat one of the 25 rations.
That ration really hit the spot!
You start resting.
Magic restored.
You have escaped!

##.#.# #...# ##..#
#..## ##..# #.># ##.#
##### #.# #...#### #.#
#@#.#..#
#.########.##.#
#.........)...#
#########.####.....####
..........# ##.......#
########### ####.##.#
.......### #.#.#..#
######...# #...####
########.# #####


There were no monsters in sight!

Vanquished Creatures
  Cerebov (Pan)
  Antaeus (Coc:7)
  Asmodeus (Geh:7)
  Ereshkigal (Tar:7)
  the Royal Jelly (Slime:5)
  Gloorx Vloq (Pan)
  the Serpent of Hell (Geh:7)
  Lom Lobon (Pan)
  Mnoleg (Pan)
  Dispater (Dis:7)
  Khufu (Tomb:3)
  9 ancient liches
  2 orbs of fire (Zot:5)
  Mara (Tomb:2)
  10 greater mummies
  5 Killer Klowns
  Boris (twice) (Tomb:2 Tomb:3)
  2 shard shrikes (Coc:5)
  4 pandemonium lords (Pan)
  Frederick (Crypt:3)
  A curse toe (Zot:3)
  Geryon (Hell)
  11 golden dragons
  A profane servitor (Crypt:3)
  9 bone dragons
  12 liches
  11 doom hounds
  3 electric golems
  18 Tzitzimimeh
  A hellephant (D:3)
  7 iron giants
  13 Brimstone Fiends
  9 Hell Sentinels
  15 Ice Fiends
  14 Orb Guardians
  19 tentacled monstrosities
  12 titans
  2 deep elf master archers (Elf:3)
  11 quicksilver dragons
  14 acid blobs
  Agnes (Snake:1)
  12 Executioners
  A tentacled starspawn (Abyss:4)
  9 sphinxes
  23 ancient champions
  3 death cobs
  28 storm dragons
  Kirke (Snake:1)
  4 tengu reavers
  22 shadow dragons
  4 revenants
  13 azure jellies
  6 fire giants
  A draconian monk (Zot:1)
  Roxanne (Swamp:2)
  2 draconian knights (Zot:1)
  8 nagarajas
  An orc warlord (Orc:1)
  10 iron dragons
  13 frost giants
  4 ghost moths
  15 cacodemons
  Louise (Swamp:3)
  3 black suns (Pan)
  A ghost moth (shapeshifter) (Vaults:4)
  13 vault wardens
  5 warmongers (Pan)
  3 deep elf sorcerers
  2 draconian scorchers
  4 draconian annihilators
  An angel (Depths:3)
  25 balrugs
  4 curse skulls
  2 deep elf elementalists (Elf:3)
  4 draconian shifters
  15 ironheart preservers
  7 draconian stormcallers
  4 ghouls
  A juggernaut zombie (Depths:1)
  38 reapers
  4 blood saints (Pan)
  15 war gargoyles
  25 stone giants
  4 elemental wellsprings
  32 very ugly things
  5 vampire knights
  A spriggan defender (Depths:3)
  8 deep elf demonologists
  3 bennus
  7 black draconians
  15 deep elf annihilators
  6 green draconians
  The ghost of P0WERM0DE the Cleaver, a journeyman GrFi of Okawaru (Lair:6)
  14 purple draconians
  A minotaur (Lair:6)
  2 white draconians (Zot:2)
  2 dire elephants
  5 lorocyprocas
  9 spark wasps
  2 red draconians (Zot:2)
  The ghost of OdinFK the Severer, a journeyman HOFi of Beogh (D:13)
  4 yellow draconians
  17 blizzard demons
  9 ettins
  4 eidola
  2 crystal guardians (Abyss:4)
  8 death oozes (Slime:5)
  Josephine (Swamp:1)
  15 great orbs of eyes
  16 green deaths
  2 quicksilver dragon zombies
  7 deep elf death magi
  6 deep elf high priests
  23 mummy priests
  17 yaktaur captains
  5 rakshasas
  5 monstrous demonspawn (Pan)
  14 jiangshi
  11 fire dragons
  22 ice dragons
  A kraken zombie (Hell)
  2 quicksilver dragon skeletons
  3 hell beasts
  20 hydras
  A ghost crab (Tar:3)
  A shambling mangrove (Swamp:4)
  31 vault guards
  8 naga warriors
  10 centaur warriors
  A spriggan air mage (Depths:3)
  4 death knights
  An anaconda (shapeshifter) (Depths:5)
  19 dancing weapons
  6 anacondas
  5 catoblepae
  15 ogre magi
  11 deep troll shamans
  42 two-headed ogres
  2 merfolk aquamancers (Depths:3)
  13 alligators
  13 death scarabs
  18 deep troll earth magi
  22 hell hogs
  11 vampire magi
  8 tengu warriors
  5 thrashing horrors
  9 death yaks
  3 iron golems (Hell)
  8 shock serpents
  6 spriggan berserkers
  A titan zombie (Tar:7)
  39 sun demons
  3 orc high priests (Orc:2)
  18 naga sharpshooters
  35 soul eaters
  3 spriggans
  7 storm dragon zombies
  A titan skeleton (Pan)
  21 shadow wraiths
  5 iron trolls
  A spectral ghost moth (Crypt:3)
  5 deep elf knights
  18 sixfirhies
  20 hell knights
  4 fire crabs (shapeshifter)
  104 skeletal warriors
  13 unseen horrors
  4 sea snakes (Snake:2)
  A spark wasp zombie (Hell)
  5 storm dragon skeletons
  3 golden dragon zombies
  6 torturous demonspawn (Pan)
  40 deep trolls
  3 spriggan druids
  2 death drakes
  4 naga ritualists (Snake:4)
  13 swamp dragons
  A swamp dragon (shapeshifter) (Depths:1)
  16 flayed ghosts
  2 kraken simulacra (Coc:7)
  17 deep elf archers
  2 infernal demonspawn (Pan)
  11 wizards
  7 anaconda zombies
  3 gelid demonspawn
  4 glowing orange brains
  2 golden dragon skeletons
  A ghost moth zombie (Dis:6)
  18 ironbrand convokers
  21 shadow demons
  6 shadow dragon zombies
  54 deep elf magi
  8 wolf spider zombies
  6 mana vipers
  21 harpies
  18 orc knights
  16 phantasmal warriors
  4 wolf spiders
  9 frost giant zombies
  25 necromancers
  5 anaconda skeletons
  5 fire giant zombies
  7 stone giant zombies
  5 shining eyes
  A harpy (shapeshifter) (Vaults:3)
  3 iron dragon zombies
  A wolf spider (shapeshifter) (D:5)
  41 ugly things
  2 salamanders (shapeshifter)
  4 shadow dragon skeletons
  A worldbinder (Abyss:3)
  A guardian serpent (shapeshifter) (Abyss:4)
  35 moths of wrath
  18 large abominations
  4 cyclopes
  9 orc sorcerers
  2 human skeletons
  6 salamanders
  21 elephants
  A fire giant skeleton (Geh:3)
  3 guardian serpents
  2 manticores
  42 rust devils
  28 black mambas
  7 frost giant skeletons
  2 stone giant skeletons
  26 orange demons
  An iron dragon skeleton (Tar:5)
  5 titan simulacra (Coc:7)
  A shock serpent zombie (Dis:5)
  31 smoke demons
  2 eyes of devastation
  25 naga magi
  11 vault sentinels
  3 dire elephant zombies
  2 ice statues (Hell)
  10 molten gargoyles
  19 spiny frogs
  A centaur skeleton (D:10)
  23 hellions
  A torpor snail (shapeshifter) (Vaults:5)
  2 gargoyles
  A storm dragon simulacrum (Coc:7)
  A minotaur zombie (Crypt:1)
  A torpor snail (Lair:5)
  4 rime drakes
  3 shock serpent skeletons
  An elf zombie (Hell)
  55 yaktaurs
  A grey draconian zombie (Crypt:2)
  2 catoblepas zombies
  6 kobold demonologists
  13 komodo dragons
  7 anaconda simulacra
  10 efreet
  A yaktaur zombie (Vaults:3)
  15 hydra zombies
  16 freezing wraiths
  2 yaktaur skeletons
  26 ice devils
  36 guardian mummies
  38 tormentors
  A komodo dragon (shapeshifter) (Abyss:4)
  A jumping spider (shapeshifter) (Depths:1)
  43 red devils
  3 demonic crawlers (Pan)
  4 silent spectres
  12 hellwings
  5 tengu conjurers
  A golden dragon simulacrum (Crypt:1)
  A tengu simulacrum (Depths:1)
  71 slime creatures
  4 trolls
  3 harpy zombies
  9 blink frogs
  3 polar bears
  A wolf spider simulacrum (D:14)
  2 harpy skeletons
  8 hornets
  2 hydra skeletons
  11 bog bodies
  4 tyrant leeches
  15 hippogriffs
  A fire dragon zombie (Dis:1)
  7 alligator zombies
  A wind drake (shapeshifter) (Depths:1)
  7 ettin zombies
  2 fire giant simulacra
  5 ice dragon zombies
  An iron dragon simulacrum (Crypt:3)
  A deep troll zombie (Hell)
  133 flying skulls
  2 fire dragon skeletons
  A stone giant simulacrum (Crypt:2)
  A vampire (D:10)
  2 ice dragon skeletons
  3 black mamba zombies
  Sigmund (D:2)
  30 shadows
  2 air elementals (Elf:3)
  A centaur simulacrum (D:14)
  2 tarantellas (shapeshifter) (Vaults:2)
  5 wyverns
  A black mamba skeleton (Tar:7)
  62 yaks
  30 wraiths
  A guardian serpent skeleton (Crypt:1)
  A spriggan (shapeshifter) (Vaults:3)
  23 ynoxinuls
  3 basilisks
  13 water elementals
  24 fire elementals
  4 hogs (Snake:1)
  6 ettin skeletons
  2 small abominations
  15 neqoxecs
  15 ushabtiu
  4 hungry ghosts
  12 golden eyes
  A basilisk (shapeshifter) (Vaults:1)
  A steam dragon (D:8)
  12 vampire mosquitoes
  10 chaos spawn (Pan)
  A yaktaur simulacrum (Vaults:3)
  2 merfolk zombies
  3 elf skeletons
  11 insubstantial wisps
  Menkaure (D:6)
  9 wargs
  37 nagas
  4 human zombies
  14 water moccasins
  A torturous demonspawn zombie (Crypt:1)
  17 swamp worms
  46 hell hounds
  5 hydra simulacra
  A water moccasin (shapeshifter) (D:15)
  4 floating eyes
  7 porcupines
  An eye of draining (shapeshifter) (Vaults:4)
  5 spiny frog skeletons
  3 spiny frog zombies
  7 swamp drakes
  A snapping turtle zombie (Dis:4)
  50 orc warriors
  4 sky beasts
  3 phantoms
  2 manticore zombies
  12 eyes of draining
  2 hornet zombies
  22 necrophages
  A black mamba simulacrum (Crypt:1)
  5 ice beasts
  35 ogres
  A swamp dragon zombie (Dis:1)
  A wolf (Lair:6)
  2 swamp dragon skeletons
  21 boggarts
  2 snapping turtle skeletons
  3 manticore skeletons
  13 crocodiles
  8 centaurs
  13 big kobolds
  Blork the orc (D:4)
  17 bullfrogs
  10 earth elementals
  A glowing shapeshifter simulacrum (Vaults:3)
  3 spiny frog simulacra
  4 wyvern skeletons
  6 scorpions
  A warg skeleton (Crypt:1)
  51 wights
  2 spriggan skeletons
  22 killer bees
  An electric eel (Snake:2)
  4 howler monkeys
  14 crimson imps
  4 quasits
  A centaur zombie (Geh:7)
  16 iron imps
  5 jellies
  35 orc priests
  4 bullfrog zombies
  7 hounds
  Crazy Yiuf (D:5)
  2 bullfrog skeletons
  38 orc wizards
  4 iguanas
  Natasha (thrice) (D:4)
  10 hell rats
  17 worker ants
  2 crocodile zombies (Crypt:2)
  A tengu zombie (Dis:7)
  A naga skeleton (Dis:6)
  A tengu skeleton (Crypt:1)
  3 hound skeletons
  A hound zombie (D:7)
  31 mummies
  Robin (D:2)
  3 gnolls (Orc:2)
  12 adders
  A river rat (D:9)
  10 shadow imps
  7 white imps
  2 ufetubi (Depths:3)
  An ooze (D:6)
  2 worms
  2 dart slugs
  5 leopard geckos
  109 orcs
  2 bats
  5 giant cockroaches
  2 gnoll zombies (D:6)
  8 hobgoblins
  11 jackals
  5 quokkas
  A ball python (D:4)
  2 frilled lizards
  17 goblins
  A jackal skeleton (D:4)
  10 kobolds
  A kobold skeleton (Pan)
  A quokka skeleton (D:7)
  A quokka zombie (D:6)
  10 rats
  2 crawling corpses (Vaults:5)
  5 fire vortices
  2 fungi
  2 lurking horrors (Abyss:4)
  2 plants (Lair:6)
  A starspawn tentacle (Abyss:4)
  A tentacle (Hell)
4107 creatures vanquished.

Vanquished Creatures (collateral kills)
  A pandemonium lord (Pan)
  3 greater mummies
  A Killer Klown (Zot:5)
  2 golden dragons
  A Brimstone Fiend (Dis:7)
  4 bone dragons
  2 iron giants
  7 Tzitzimimeh
  13 Orb Guardians
  2 Ice Fiends
  2 tentacled monstrosities
  2 liches
  A quicksilver dragon (Dis:7)
  A Hell Sentinel (Pan)
  4 deep elf blademasters (Elf:3)
  4 Executioners
  4 acid blobs
  2 shadow dragons
  5 ancient champions
  2 tengu reavers
  A storm dragon (Elf:1)
  A blood saint (Pan)
  4 vault wardens
  A black sun (Pan)
  2 iron dragons (Dis:7)
  7 frost giants
  A deep elf elementalist (Elf:3)
  2 deep elf sorcerers (Elf:3)
  3 warmongers (Pan)
  10 balrugs
  A curse skull (Pan)
  3 ironheart preservers
  A cacodemon (Pan)
  A stone giant (Vaults:2)
  A ghoul (Crypt:2)
  22 reapers
  A very ugly thing (Vaults:4)
  An entropy weaver (Vaults:4)
  5 bennus
  2 vampire knights
  3 deep elf demonologists
  2 corrupters (Pan)
  2 deep elf annihilators (Elf:3)
  An ettin (Depths:3)
  An eidolon (Crypt:2)
  8 blizzard demons
  2 quicksilver dragon zombies
  2 deep elf death magi
  6 jiangshi
  A death ooze (Slime:5)
  4 green deaths
  A yaktaur captain (Vaults:3)
  2 fire dragons
  2 great orbs of eyes
  2 deep elf high priests (Elf:3)
  2 quicksilver dragon skeletons
  A monstrous demonspawn (Pan)
  6 vault guards
  8 ice dragons
  A ghost crab (Tar:7)
  A hell beast (Hell)
  A naga warrior (Snake:3)
  2 centaur warriors
  2 death knights
  3 two-headed ogres
  A death scarab (Tomb:1)
  A dancing weapon (Elf:2)
  3 hell hogs
  2 ogre magi
  4 hell knights
  9 soul eaters
  5 deep elf knights
  13 sun demons
  2 storm dragon zombies
  A salamander mystic (Snake:4)
  A titan skeleton (Tar:1)
  11 sixfirhies
  A shadow wraith (Tar:7)
  38 skeletal warriors
  A storm dragon skeleton (Dis:5)
  7 flayed ghosts
  3 anaconda zombies
  4 shadow demons (Tar:7)
  3 golden dragon zombies
  2 infernal demonspawn (Pan)
  7 gelid demonspawn
  2 deep elf archers
  An ironbrand convoker (Vaults:3)
  2 deep trolls (Vaults:3)
  3 glowing orange brains
  A golden dragon skeleton (Geh:7)
  3 shadow dragon zombies
  10 phantasmal warriors
  3 harpies
  8 deep elf magi
  11 large abominations
  4 orc knights
  6 frost giant zombies
  6 ugly things
  4 shadow dragon skeletons
  2 stone giant zombies
  A spectral alligator (Crypt:3)
  4 fire giant zombies
  An anaconda skeleton (Geh:7)
  2 shining eyes
  2 iron dragon skeletons
  2 salamanders (Snake:4)
  13 rust devils
  A shock serpent zombie (Dis:6)
  3 vault sentinels
  An elephant (shapeshifter) (Vaults:4)
  2 titan simulacra (Coc:7)
  4 molten gargoyles (Geh:7)
  3 dire elephant zombies
  An eye of devastation (Pan)
  5 orange demons (Pan)
  4 smoke demons
  An efreet (Pan)
  A minotaur zombie (Dis:2)
  A hellion (Pan)
  5 tormentors
  4 hellwings (Pan)
  6 freezing wraiths
  4 guardian mummies
  A demonic crawler (Hell)
  2 harpy zombies
  22 red devils
  An anaconda simulacrum (Coc:7)
  4 yaktaurs
  7 ice devils
  2 hornets
  4 hydra zombies
  A jumping spider (shapeshifter) (Vaults:4)
  3 hydra skeletons
  2 fire dragon zombies
  2 alligator zombies
  3 bog bodies (Coc:7)
  2 deep troll zombies (Hell)
  30 slime creatures
  4 ice dragon zombies
  4 ettin zombies
  32 flying skulls
  2 water elementals
  A redback (Vaults:4)
  2 fire dragon skeletons
  5 shadows
  2 ice dragon skeletons
  3 ushabtiu
  A spriggan (Depths:3)
  8 wraiths
  4 ynoxinuls (Pan)
  12 fire elementals
  A golden eye (Pan)
  A hungry ghost (Coc:7)
  A chaos spawn (Pan)
  A warg (Vaults:3)
  A naga (Snake:4)
  3 spiny frog zombies
  3 hydra simulacra (Coc:7)
  13 hell hounds
  A snapping turtle zombie (Dis:6)
  2 ice beasts
  2 spiny frog skeletons
  2 eyes of draining
  5 necrophages
  2 ogres
  A phantom (Tar:2)
  An elf zombie (Coc:7)
  A spiny frog simulacrum (Coc:4)
  An earth elemental (Elf:3)
  12 wights
  2 crimson imps
  An orc priest (Vaults:2)
  7 iron imps
  15 mummies
  A swamp drake skeleton (Crypt:2)
  A shadow imp (Tar:7)
  A white imp (Coc:7)
  An ufetubus (Depths:3)
  A halfling skeleton (Crypt:2)
  4 orcs
  An orc skeleton (Geh:4)
  A fire vortex (Tomb:2)
711 creatures vanquished.

Vanquished Creatures (others)
  2 eldritch tentacles
  A balrug (Geh:7)
  A reaper (Geh:7)
  An elemental wellspring (Coc:7)
  A fire dragon (Zot:3)
  An ice dragon (Zot:3)
  2 wizards (Pan)
  An ironbrand convoker (Vaults:1)
  2 smoke demons (Pan)
  A molten gargoyle (Geh:7)
  A yaktaur (Depths:3)
  3 hellwings (Pan)
  A harpy skeleton (Coc:7)
  An ettin zombie (Geh:7)
  2 flying skulls
  A water elemental (Elf:1)
  A fire dragon skeleton (Geh:7)
  A human (Depths:3)
  A hell hound (Geh:2)
  An orc warrior (D:7)
  An ice beast (Coc:7)
  A centaur (Depths:2)
  A crocodile (D:7)
  A small abomination (Abyss:3)
  2 orc wizards
  A worker ant (D:7)
  A hound skeleton (D:7)
  2 adders (D:7)
  A white imp (Coc:7)
  3 ball lightnings (Pan)
  An orc (Elf:1)
  91 fire vortices
  25 fungi
  25 plants
  12 starspawn tentacles
  19 tentacles
213 creatures vanquished.

Grand Total: 5031 creatures vanquished

Notes
Turn   | Place    | Note
-------+----------+-------------------------------------------
     0 | D:1      | Finguili the Gargoyle Earth Elementalist began the quest
                  | for the Orb.
     0 | D:1      | Reached XP level 1. HP: 10/10 MP: 3/3
   411 | D:1      | Reached XP level 2. HP: 10/15 MP: 0/5
  1170 | D:1      | Learned a level 2 spell: Passwall
  1226 | D:2      | Reached XP level 3. HP: 18/19 MP: 6/6
  1287 | D:2      | Reached skill level 1 in Transmutations
  1605 | D:2      | Noticed Robin
  1889 | D:2      | Killed Robin
  1889 | D:2      | Reached XP level 4. HP: 10/24 MP: 1/8
  1899 | D:2      | Learned a level 3 spell: Stone Arrow
  1996 | D:2      | Found a faded altar of an unknown god.
  2015 | D:2      | Noticed Sigmund
  2022 | D:2      | Killed Sigmund
  2022 | D:2      | Reached XP level 5. HP: 17/28 MP: 1/10
  2241 | D:3      | Reached XP level 6. HP: 32/32 MP: 9/11
  2261 | D:3      | Found a faded altar of an unknown god.
  2261 | D:3      | Found a bloodstained altar of Trog.
  2273 | D:3      | Found a faded altar of an unknown god.
  2275 | D:3      | Found a sacrificial altar of Ru.
  2277 | D:3      | Found a hazy altar of Hepliaklqana.
  2639 | D:3      | Found a white marble altar of Elyvilon.
  2853 | D:3      | Learned a level 4 spell: Petrify
  3308 | D:4      | Reached skill level 5 in Spellcasting
  3319 | D:4      | Noticed Natasha
  3331 | D:4      | Killed Natasha
  3331 | D:4      | Reached XP level 7. HP: 36/36 MP: 8/14
  3381 | D:4      | Learned a level 1 spell: Confusing Touch
  3424 | D:4      | Noticed Natasha
  3428 | D:4      | Killed Natasha
  3428 | D:4      | Reached skill level 1 in Hexes
  3851 | D:4      | Found a staircase to the Ecumenical Temple.
  3857 | D:4      | Noticed Natasha
  3860 | Temple   | Entered the Ecumenical Temple
  3911 | Temple   | Became a worshipper of Vehumet
  3962 | D:4      | Killed Natasha
  4037 | D:4      | Reached skill level 1 in Fighting
  4037 | D:4      | Reached skill level 5 in Earth Magic
  4037 | D:4      | Reached XP level 8. HP: 43/43 MP: 6/17
  4115 | D:4      | Noticed Blork the orc
  4122 | D:4      | Killed Blork the orc
  4125 | D:4      | Found an opulent altar of Gozag.
  4339 | D:4      | Reached skill level 2 in Fighting
  4346 | D:4      | Learned a level 5 spell: Lee's Rapid Deconstruction
  4422 | D:5      | Entered Level 5 of the Dungeon
  4466 | D:5      | Found a runed translucent door.
  4467 | D:5      | Noticed Crazy Yiuf
  4793 | D:5      | Reached skill level 3 in Fighting
  4837 | D:5      | Found a hazy altar of Hepliaklqana.
  5406 | D:5      | Reached skill level 4 in Fighting
  6085 | D:5      | Reached XP level 9. HP: 52/52 MP: 16/18
  6118 | D:5      | Reached * piety under Vehumet
  6118 | D:5      | Offered knowledge of Magic Dart by Vehumet.
  6743 | D:6      | Noticed Menkaure
  6747 | D:6      | Killed Menkaure
  6909 | D:6      | Reached skill level 10 in Earth Magic
  7210 | D:6      | Found Ohirph's Food Shop.
  7248 | D:6      | Found a basalt altar of Yredelemnul.
  7535 | D:7      | Found an ornate altar of the Wu Jian Council.
  7553 | D:7      | Found a sparkling altar of Nemelex Xobeh.
  7553 | D:7      | Noticed Harold
  7570 | D:7      | Reached skill level 5 in Fighting
  7739 | D:7      | Found an ancient bone altar of Kikubaaqudgha.
  7971 | D:7      | Reached ** piety under Vehumet
  7989 | D:7      | Found a shimmering altar of Xom.
  7994 | D:7      | Offered knowledge of Throw Frost by Vehumet.
  8275 | D:7      | Reached skill level 6 in Fighting
  8472 | D:7      | Reached XP level 10. HP: 59/60 MP: 12/22
  8975 | D:8      | Reached skill level 7 in Fighting
  9436 | D:8      | Found a glowing golden altar of the Shining One.
  9869 | D:8      | Found a snail-covered altar of Cheibriados.
  9872 | D:8      | Found a deep blue altar of Sif Muna.
  9879 | D:8      | Found a stormy altar of Qazlal.
  9924 | D:9      | Noticed a two-headed ogre
  9926 | D:9      | Killed a two-headed ogre
  9926 | D:9      | Reached skill level 8 in Fighting
  9944 | D:9      | Noticed a death yak
 10158 | D:9      | Reached skill level 1 in Evocations
 10159 | D:9      | Offered knowledge of Ignite Poison by Vehumet.
 10310 | D:9      | Found a staircase to the Orcish Mines.
 10439 | D:9      | Noticed a death yak
 10546 | D:9      | Noticed a death yak
 10612 | D:9      | Found a staircase to the Lair.
 10686 | D:9      | Reached *** piety under Vehumet
 10687 | D:9      | Reached skill level 9 in Fighting
 10689 | D:9      | Reached XP level 11. HP: 71/71 MP: 10/24
 10865 | D:10     | Entered Level 10 of the Dungeon
 10868 | D:10     | Identified 2 scrolls of acquirement
 11232 | D:10     | Reached skill level 5 in Evocations
 11236 | D:10     | Offered knowledge of Dazzling Spray by Vehumet.
 12075 | D:10     | Noticed a two-headed ogre
 12091 | D:10     | Killed a two-headed ogre
 12091 | D:10     | Reached **** piety under Vehumet
 12397 | D:11     | Noticed a manticore
 12401 | D:11     | Killed a manticore
 12403 | D:11     | Noticed a white ugly thing
 12404 | D:11     | Noticed a two-headed ogre
 12514 | D:11     | Offered knowledge of Fireball by Vehumet.
 12527 | D:10     | Learned a level 5 spell: Fireball
 12579 | D:11     | Noticed an eight-headed hydra
 12672 | Lair:1   | Entered Level 1 of the Lair of Beasts
 12715 | Lair:1   | Noticed a six-headed hydra
 12718 | Lair:1   | Killed a six-headed hydra
 12817 | Lair:1   | Reached skill level 5 in Conjurations
 13456 | Lair:1   | Found a transporter.
 13459 | Lair:1   | Found a transporter.
 13461 | Lair:1   | Noticed D1HalberdGnoll's ghost (journeyman DsAK)
 13489 | Lair:1   | Reached XP level 12. HP: 76/76 MP: 17/25
 13604 | Lair:1   | Reached skill level 5 in Dodging
 14274 | Lair:2   | Noticed a five-headed hydra
 14278 | Lair:2   | Killed a five-headed hydra
 14525 | Lair:1   | Reached ***** piety under Vehumet
 14741 | Lair:2   | Found a staircase to the Snake Pit.
 15261 | Lair:3   | Offered knowledge of Bolt of Magma by Vehumet.
 15261 | Lair:3   | Reached skill level 1 in Fire Magic
 15392 | Lair:3   | Reached skill level 1 in Armour
 16068 | Lair:3   | Found a staircase to the Swamp.
 16315 | Lair:3   | Reached XP level 13. HP: 80/80 MP: 20/26
 16348 | Lair:3   | Reached skill level 5 in Fire Magic
 16743 | Lair:3   | Reached skill level 5 in Armour
 16835 | Lair:3   | Learned a level 2 spell: Blink
 16964 | Lair:4   | Reached skill level 1 in Translocations
 17682 | Lair:4   | Found a runed translucent gate.
 17683 | Lair:4   | Found a runed translucent gate.
 17684 | Lair:4   | Found a runed translucent gate.
 17690 | Lair:4   | Noticed a minotaur
 17690 | Lair:4   | Noticed Nubia's ghost (journeyman GnEn)
 17857 | Lair:4   | Reached skill level 1 in Shields
 18178 | Lair:4   | Reached skill level 10 in Spellcasting
 19032 | Lair:5   | Found a staircase to the Slime Pits.
 19557 | Lair:5   | Noticed a dire elephant
 20146 | Lair:5   | Gained mutation: Your large and strong wings let you fly
                  | indefinitely. [Gargoyle growth]
 20146 | Lair:5   | Reached XP level 14. HP: 86/86 MP: 6/29
 20711 | Lair:5   | Killed a dire elephant
 21067 | Lair:6   | Entered Level 6 of the Lair of Beasts
 21673 | Lair:6   | Noticed P0WERM0DE's ghost (journeyman GrFi)
 21895 | Lair:6   | Found a runed translucent gate.
 21895 | Lair:6   | Found a runed translucent gate.
 21895 | Lair:6   | Found a runed translucent gate.
 22487 | Lair:6   | Reached skill level 10 in Fighting
 22714 | Lair:6   | Noticed a dire elephant
 22727 | Lair:6   | Killed a dire elephant
 23229 | Lair:6   | Found a burning altar of Makhleb.
 23571 | Lair:6   | Reached skill level 11 in Fighting
 23623 | Lair:6   | Found a gateway to Hell.
 24051 | D:5      | Identified the cursed +1 plate armour of Kikubaaqudgha's
                  | Hatred {MR+ Regen+}
 24179 | Orc:1    | Entered Level 1 of the Orcish Mines
 24328 | D:9      | Reached skill level 1 in Maces & Flails
 24964 | Orc:1    | Noticed an orc warlord
 25120 | Orc:1    | Killed an orc warlord
 25399 | Orc:2    | Entered Level 2 of the Orcish Mines
 25488 | Orc:2    | Found a staircase to the Elven Halls.
 26796 | Orc:2    | Reached XP level 15. HP: 95/95 MP: 8/32
 26971 | Orc:2    | Reached ****** piety under Vehumet
 27171 | Orc:2    | Offered knowledge of Iron Shot by Vehumet.
 27171 | Orc:2    | Reached skill level 5 in Maces & Flails
 27383 | Orc:2    | Learned a level 6 spell: Iron Shot
 27424 | Orc:2    | Found Nuaruer's Book Shoppe.
 27424 | Orc:2    | Found Ezuzafu's Armour Shoppe.
 27425 | Orc:2    | Found Ahaciuf's General Store.
 27425 | Orc:2    | Found Woatwaat's Weapon Boutique.
 27437 | Orc:2    | Bought a scroll of fog for 26 gold pieces
 27581 | Orc:2    | Bought a box of beasts for 260 gold pieces
 28260 | D:9      | Reached skill level 12 in Fighting
 29063 | D:11     | Found a basalt altar of Yredelemnul.
 30291 | D:13     | Found Zayjucho's Magic Scroll Boutique.
 30297 | D:13     | Bought a scroll of random uselessness for 15 gold pieces
 30298 | D:13     | Bought a scroll of identify for 30 gold pieces
 30300 | D:13     | Bought a scroll of summoning for 142 gold pieces
 30300 | D:13     | Bought a scroll of enchant armour for 112 gold pieces
 30513 | D:13     | Offered knowledge of Ozocubu's Refrigeration by Vehumet.
 30603 | D:13     | Found a gate to the Vaults.
 31090 | D:13     | Found a runed translucent gate.
 31091 | D:13     | Found a runed translucent gate.
 31092 | D:13     | Found a runed translucent gate.
 31093 | D:13     | Noticed OdinFK's ghost (journeyman HOFi)
 32387 | D:14     | Found Keapsaz's General Store.
 32408 | D:15     | Entered Level 15 of the Dungeon
 32609 | D:15     | Found a portal to a secret trove of treasure.
 32834 | D:14     | Reached XP level 16. HP: 63/101 MP: 10/33
 33748 | D:15     | Offered knowledge of Irradiate by Vehumet.
 34395 | D:15     | Found a staircase to the Depths.
 34624 | D:15     | Identified the +6 morningstar of the Extremes {chaos, rPois
                  | Str+4 Dex-5} (You acquired it on level 15 of the Dungeon)
 34632 | D:15     | Learned a level 4 spell: Passage of Golubria
 34884 | Swamp:1  | Entered Level 1 of the Swamp
 35357 | Swamp:1  | Noticed Josephine
 35363 | Swamp:1  | Killed Josephine
 36172 | Swamp:1  | Reached skill level 5 in Translocations
 36396 | Swamp:2  | Noticed Roxanne
 36403 | Swamp:2  | Killed Roxanne
 38171 | Swamp:3  | Noticed Louise
 38203 | Swamp:3  | Killed Louise
 38622 | Swamp:4  | Entered Level 4 of the Swamp
 38768 | Swamp:4  | Reached XP level 17. HP: 100/108 MP: 18/35
 38855 | Swamp:4  | Got a slimy turquoise ring
 38859 | Swamp:4  | Identified the ring "Dotif" {*Tele +Inv rC+ Str-3 Int+5}
                  | (You found it on level 4 of the Swamp)
 38862 | Swamp:4  | Offered knowledge of Spellforged Servitor by Vehumet.
 38880 | Swamp:3  | Learned a level 7 spell: Spellforged Servitor
 39134 | Swamp:4  | Reached skill level 13 in Fighting
 39876 | Swamp:4  | Reached skill level 10 in Conjurations
 40403 | Swamp:4  | Noticed a tentacled monstrosity
 40409 | Swamp:4  | Killed a tentacled monstrosity
 41820 | Swamp:4  | Got a decaying rune of Zot
 42000 | Snake:1  | Entered Level 1 of the Snake Pit
 42372 | Snake:1  | Offered knowledge of Bolt of Cold by Vehumet.
 42617 | Snake:1  | Noticed Agnes
 42622 | Snake:1  | Killed Agnes
 42911 | Snake:1  | Noticed Kirke
 42916 | Snake:1  | Killed Kirke
 43031 | Snake:2  | Reached skill level 14 in Fighting
 44953 | Snake:3  | Found a frozen archway.
 45251 | Snake:3  | Reached XP level 18. HP: 115/117 MP: 23/36
 45353 | Snake:3  | Reached skill level 1 in Summonings
 45658 | Snake:3  | Offered knowledge of Conjure Ball Lightning by Vehumet.
 46375 | Snake:4  | Entered Level 4 of the Snake Pit
 46457 | Snake:4  | Found a runed translucent door.
 46459 | Snake:4  | Found a shimmering altar of Xom.
 46459 | Snake:4  | Noticed Wastraiff's ghost (adept BaSu)
 46988 | Snake:4  | Reached skill level 15 in Fighting
 47627 | Snake:4  | Reached skill level 5 in Summonings
 49127 | Snake:3  | Offered knowledge of Lehudib's Crystal Spear by Vehumet.
 49127 | Snake:3  | Offered knowledge of Fire Storm by Vehumet.
 49127 | Snake:3  | Offered knowledge of Shatter by Vehumet.
 50476 | Snake:4  | Got a serpentine rune of Zot
 51260 | Vaults:1 | Entered Level 1 of the Vaults
 51419 | Vaults:1 | Reached skill level 16 in Fighting
 51574 | Vaults:1 | Reached XP level 19. HP: 125/125 MP: 8/37
 52277 | Vaults:1 | HP: 3/125 [deep troll[an ironheart preserver] (15)]
 52685 | Vaults:1 | Reached skill level 10 in Summonings
 54618 | Vaults:2 | Found a flickering gateway to a bazaar.
 54624 | Bazaar   | Entered a bazaar
 54624 | Bazaar   | Found Serch's Distillery.
 54624 | Bazaar   | Found Joat's Book Boutique.
 54624 | Bazaar   | Found Zasif's Book Shop.
 54624 | Bazaar   | Found Huwenulus's Weapon Shop.
 54624 | Bazaar   | Found Cocip's Book Boutique.
 54638 | Bazaar   | Bought a potion of brilliance for 68 gold pieces
 54638 | Bazaar   | Bought a potion of haste for 170 gold pieces
 54654 | Bazaar   | Bought a book of the Warp for 1080 gold pieces
 55282 | Vaults:2 | Reached skill level 15 in Spellcasting
 55283 | Vaults:2 | Reached skill level 17 in Fighting
 55771 | Vaults:2 | Found a staircase to the Crypt.
 56925 | Vaults:3 | Reached XP level 20. HP: 134/134 MP: 22/39
 57458 | Vaults:3 | Reached skill level 15 in Earth Magic
 58410 | Vaults:3 | Learned a level 8 spell: Lehudib's Crystal Spear
 60767 | Vaults:4 | Identified the +6 great sword "Xerujy" {pain, Dex+4} (You
                  | found it on level 4 of the Vaults)
 62194 | Vaults:4 | Reached XP level 21. HP: 132/139 MP: 22/41
 62416 | Vaults:4 | Reached skill level 10 in Armour
 63685 | Elf:1    | Entered Level 1 of the Elven Halls
 63697 | Elf:1    | Learned a level 9 spell: Shatter
 63734 | Elf:1    | Found a radiant altar of Vehumet.
 63932 | Elf:1    | You are sucked into a shaft!
 65243 | Elf:1    | Found a runed translucent gate.
 65243 | Elf:1    | Found a runed translucent gate.
 65243 | Elf:1    | Found a runed translucent gate.
 65243 | Elf:1    | Found a runed translucent gate.
 65243 | Elf:1    | Found a runed translucent gate.
 65244 | Elf:1    | Found a runed translucent gate.
 66798 | Elf:2    | Found a huge runed translucent gate.
 66798 | Elf:2    | Found a huge runed translucent gate.
 66799 | Elf:2    | Found a huge runed translucent gate.
 66799 | Elf:2    | Found a huge runed translucent gate.
 66800 | Elf:2    | Found a huge runed translucent gate.
 66986 | Elf:3    | Entered Level 3 of the Elven Halls
 67004 | Elf:3    | Identified the +0 cloak of Valiance {rPois MR+++ Str-3
                  | Dex+2} (You found it on level 3 of the Elven Halls)
 68315 | Elf:3    | Identified the +4 robe "Teoschui" {rF- Str+9 Stlth-}
 68332 | Elf:3    | Reached XP level 22. HP: 125/145 MP: 4/42
 68645 | Elf:3    | Found Plog's General Store.
 69011 | Elf:3    | Identified the amulet of Satyriasis {Faith rElec rPois
                  | Str+4 Stlth+}
 69034 | Elf:3    | Identified the ring "Huamox" {rF+ MR++ Str+4 Int+5}
 69689 | Elf:3    | Identified Saff's Collected Works on Fire
 69755 | Elf:3    | Identified a +0 pair of boots of running (You found it on
                  | level 3 of the Elven Halls)
 69766 | Elf:3    | Identified Sif Muna's Guide on Cloudy Boosts
 69777 | Elf:3    | Identified Casting, Part Three
 69845 | Elf:3    | Bought a potion of might for 68 gold pieces
 69845 | Elf:3    | Bought a potion of haste for 170 gold pieces
 69845 | Elf:3    | Bought a scroll of teleportation for 51 gold pieces
 70019 | Elf:3    | Reached skill level 10 in Dodging
 70446 | Crypt:1  | Entered Level 1 of the Crypt
 73863 | Crypt:3  | Entered Level 3 of the Crypt
 74075 | Crypt:3  | Noticed Frederick
 74081 | Crypt:3  | Killed Frederick
 74081 | Crypt:3  | Reached XP level 23. HP: 136/150 MP: 18/43
 74563 | Crypt:3  | Found a basalt altar of Yredelemnul.
 75229 | Crypt:3  | Reached skill level 18 in Fighting
 75382 | Crypt:3  | Found the +4 dagger "Morg" {pain, MR+ Int+5}
 76124 | Crypt:3  | Got a brightly glowing wooden ring
 76125 | Crypt:3  | Identified the ring of Satisfaction {*Corrode rC+ rN++
                  | Dex+2 SInv} (You found it on level 3 of the Crypt)
 76126 | Crypt:3  | Identified the Guide on Displaced Combat Magic
 76577 | Crypt:3  | Noticed an ancient lich
 76585 | Crypt:3  | Killed an ancient lich
 76729 | Crypt:3  | Found a staircase to the Tomb.
 76734 | Crypt:3  | Found the +12 Vampire's Tooth {vamp}
 76753 | Crypt:3  | Identified the Disquisition on Ghastly Conjuration
 77323 | Vaults:5 | Entered Level 5 of the Vaults
 77326 | Vaults:5 | Reached skill level 19 in Fighting
 77355 | Vaults:5 | Reached XP level 24. HP: 95/162 MP: 34/44
 77585 | Vaults:5 | Reached skill level 20 in Fighting
 77586 | Vaults:5 | Noticed an ancient lich
 77588 | Vaults:5 | Killed an ancient lich
 78095 | Vaults:5 | Reached skill level 21 in Fighting
 78658 | Vaults:5 | Reached skill level 5 in Stealth
 78951 | Vaults:5 | Identified the +5 leather armour "Byorhet" {Str+5 Dex+4}
 79643 | Vaults:5 | Identified the cursed +1 robe of Circular Logic {Slay+2}
                  | (You found it on level 5 of the Vaults)
 79667 | Vaults:5 | Got a silver rune of Zot
 80315 | Slime:1  | Entered Level 1 of the Pits of Slime
 80545 | Slime:2  | Gained mutation: You tend to lose your temper in combat. [a
                  | shining eye]
 80803 | Slime:2  | Reached XP level 25. HP: 137/172 MP: 14/44
 81548 | Slime:2  | Reached skill level 10 in Stealth
 82196 | Slime:5  | Entered Level 5 of the Pits of Slime
 82416 | Slime:5  | Noticed the Royal Jelly
 82598 | Slime:5  | Killed the Royal Jelly
 82789 | Slime:5  | Reached skill level 22 in Fighting
 83174 | Slime:5  | Found the +5 pair of quick blades "Gyre" and "Gimble"
                  | {pierce, Dex-3}
 83195 | Slime:5  | Got a slimy rune of Zot
 83229 | Slime:5  | Identified Sif Muna's Grimoire of Clay and Changing
 83235 | Slime:5  | Identified the cursed +0 chain mail "Trusted Companion"
                  | {*Drain rC+ rCorr} (You found it on level 5 of the Pits of
                  | Slime)
 83251 | Slime:5  | Learned a level 1 spell: Apportation
 83272 | Slime:5  | Identified the Guide on Fiery Companions
 83283 | Slime:5  | Got a steaming glass ring
 83284 | Slime:5  | Identified the ring "Foocenn" {Ice +Fly Str+4} (You found
                  | it on level 5 of the Pits of Slime)
 83420 | Lair:5   | Lost mutation: You tend to lose your temper in combat.
                  | [potion of mutation]
 83420 | Lair:5   | Gained mutation: You possess an exceptional clarity of
                  | mind. [potion of mutation]
 83420 | Lair:5   | Gained mutation: You are dopey. (Int -2) [potion of
                  | mutation]
 83420 | Lair:5   | Gained mutation: You are covered in fur. (AC +1) [potion of
                  | mutation]
 83699 | Lair:6   | Killed P0WERM0DE's ghost
 84577 | D:13     | Killed OdinFK's ghost
 85056 | D:5      | Paralysed by Crazy Yiuf for 6 turns
 85141 | D:5      | Paralysed by Crazy Yiuf for 2 turns
 85313 | D:5      | Paralysed by Crazy Yiuf for 5 turns
 85689 | D:5      | Paralysed by Crazy Yiuf for 4 turns
 85730 | D:5      | Cast into level 2 of the Abyss (Crazy Yiuf)
 85828 | Abyss:2  | Found a corrupted altar of Lugonu.
 85963 | Abyss:3  | Found a shattered altar of Ashenzari.
 86017 | Abyss:4  | Found a corrupted altar of Lugonu.
 86112 | Abyss:4  | Got an abyssal rune of Zot
 86116 | D:5      | Escaped the Abyss
 86489 | D:5      | Killed Crazy Yiuf
 86774 | Hell     | Entered the Vestibule of Hell
 86774 | Hell     | Noticed Geryon
 86784 | Hell     | Killed Geryon
 86914 | Hell     | Reached skill level 10 in Maces & Flails
 87468 | Hell     | Found a gateway to the Iron City of Dis.
 87723 | Hell     | Reached XP level 26. HP: 180/180 MP: 17/44
 87929 | Hell     | Found a gateway to the decaying netherworld of Tartarus.
 87992 | Hell     | Found a gateway to the freezing wastes of Cocytus.
 88177 | Hell     | Found a gateway to the ashen valley of Gehenna.
 88227 | Dis:1    | Entered Level 1 of the Iron City of Dis
 88227 | Dis:1    | Found a gateway to Hell.
 88425 | Dis:2    | Found a gateway to Hell.
 88545 | Dis:2    | Learned a level 6 spell: Deflect Missiles
 88592 | Dis:2    | Gained mutation: Scrolls take you a little longer to read.
                  | [mutagenic glow]
 88594 | Dis:3    | Found a gateway to Hell.
 88609 | Dis:3    | Reached skill level 1 in Charms
 88629 | Dis:3    | Lost mutation: You possess an exceptional clarity of mind.
                  | [mutagenic glow]
 88739 | Dis:4    | Found a gateway to Hell.
 88739 | Dis:4    | Found a gateway to Hell.
 88740 | Dis:4    | Lost mutation: You are dopey. (Int -2) [potion of mutation]
 88740 | Dis:4    | Lost mutation: Scrolls take you a little longer to read.
                  | [potion of mutation]
 88740 | Dis:4    | Lost mutation: You are covered in fur. (AC +1) [potion of
                  | mutation]
 88740 | Dis:4    | Gained mutation: Scrolls take you a little longer to read.
                  | [potion of mutation]
 88740 | Dis:4    | Gained mutation: Your spells are a little harder to cast,
                  | but a little more powerful. [potion of mutation]
 88740 | Dis:4    | Gained mutation: You are dopey. (Int -2) [potion of
                  | mutation]
 88740 | Dis:4    | Gained mutation: You are somewhat resistant to further
                  | mutation. [potion of mutation]
 88788 | Dis:4    | Reached skill level 23 in Fighting
 89100 | Dis:5    | Found a gateway to Hell.
 89800 | Dis:2    | Found a gateway to Hell.
 89943 | Dis:4    | Found a gateway to Hell.
 89954 | Dis:5    | Found a gateway to Hell.
 90403 | Dis:2    | Found a gateway to Hell.
 90458 | Dis:5    | Found a gateway to Hell.
 90560 | Dis:6    | Found a gateway to Hell.
 90607 | Dis:6    | Found a gateway to Hell.
 90801 | Dis:6    | Reached skill level 5 in Charms
 90843 | Dis:6    | Found a gateway to Hell.
 91310 | Dis:7    | Entered Level 7 of the Iron City of Dis
 91310 | Dis:7    | Found a gateway to Hell.
 91342 | Dis:7    | Found a gateway to Hell.
 91513 | Dis:7    | Reached XP level 27. HP: 155/189 MP: 1/44
 91732 | Dis:3    | Found a gateway to Hell.
 91816 | Dis:5    | Found a gateway to Hell.
 92092 | Dis:7    | Reached skill level 1 in Air Magic
 92109 | Dis:7    | Reached skill level 24 in Fighting
 92638 | Dis:7    | Reached skill level 5 in Air Magic
 94211 | Dis:3    | Found a gateway to Hell.
 94602 | Dis:7    | Identified An Early Guide to Sorcery
 94708 | Dis:7    | Identified the +4 staff of Dispater
 94708 | Dis:7    | Noticed Dispater
 94721 | Dis:7    | Killed Dispater
 94721 | Dis:7    | Reached skill level 25 in Fighting
 94766 | Dis:7    | Got an iron rune of Zot
 94770 | Dis:7    | Identified the cursed +1 chain mail of Forking Paths {rF-
                  | MP+9 Int+4} (You found it on level 7 of the Iron City of
                  | Dis)
 95239 | Depths:1 | Entered Level 1 of the Depths
 95527 | Depths:1 | Identified the +1 leather armour of Defiance {rF+ rN+}
 95828 | Depths:1 | Identified the amulet of Idealism {Acrobat Str+2} (You
                  | found it on level 1 of the Depths)
 96019 | Depths:1 | Found a corrupted altar of Lugonu.
 96019 | Depths:1 | Found a one-way gate to the infinite horrors of the Abyss.
 96079 | Depths:1 | Reached skill level 10 in Evocations
 96450 | Depths:2 | You are sucked into a shaft!
 96450 | Depths:3 | Found a gateway to a ziggurat.
 96809 | Depths:3 | Paralysed by a floating eye for 4 turns
 97273 | Depths:3 | Identified Myefah's Papyrus of Attacks
 97467 | Depths:2 | Found a transporter.
 97468 | Depths:2 | Found a deep blue altar of Sif Muna.
 98199 | Depths:2 | Found a transporter.
 98793 | Depths:3 | Found a one-way gate leading to the halls of Pandemonium.
 99237 | Depths:3 | Found a runed door.
100012 | D:14     | Bought a scroll of enchant weapon for 135 gold pieces
101345 | Depths:4 | Identified the Tome of the Arsonist
101521 | Depths:4 | Identified the ring "Musu" {rCorr rN+ Int+5 Stlth+}
102198 | Depths:5 | Entered Level 5 of the Depths
102201 | Depths:5 | Reached skill level 26 in Fighting
102201 | Depths:5 | Reached skill level 15 in Evocations
102520 | Depths:5 | Reached skill level 27 in Fighting
103044 | Depths:5 | Found a gate to the Realm of Zot.
103664 | Depths:3 | Reached skill level 15 in Conjurations
104499 | Depths:3 | Noticed an ancient lich
104500 | Depths:3 | Killed an ancient lich
104547 | Depths:3 | Noticed an ancient lich
104565 | Depths:3 | Got a clouded golden ring
104616 | Depths:3 | Identified the ring of Herghof {*Corrode rElec MR+ Str+8
                  | Stlth+} (You found it on level 3 of the Depths)
104773 | Depths:3 | Killed an ancient lich
104817 | Depths:3 | Got a scorched pewter ring
104853 | Depths:3 | Identified the ring "Genierer" {Fire +Fly} (You found it on
                  | level 3 of the Depths)
105013 | Depths:3 | Identified the +2 hat of Starshine {Int+2} (You found it on
                  | level 3 of the Depths)
105131 | Depths:3 | Learned a level 2 spell: Swiftness
105213 | Zot:1    | Entered Level 1 of the Realm of Zot
105805 | Zot:1    | Identified the +10 falchion of the Shoals {flame, *Slow
                  | rElec rN+}
105952 | Zot:1    | Identified the +3 shadow dragon scales "Zeipp" {rF+ rN++
                  | MP+9 Dex-2 Stlth++++} (You found it on level 1 of the Realm
                  | of Zot)
106381 | Zot:1    | Identified the +7 chain mail of the Doldrums {rC+ rN+} (You
                  | found it on level 1 of the Realm of Zot)
106382 | Zot:1    | Identified the Catalogue of Combat Magic
106469 | Zot:1    | Found a transporter.
106470 | Zot:1    | Found the +0 mask of the Dragon {MR+ Slay+3 SInv}
106493 | Zot:1    | Found a transporter.
107802 | Zot:1    | Identified the +6 shield of Oliu {rN+ Str-4 Int+2} (You
                  | found it on level 1 of the Realm of Zot)
108091 | Zot:2    | You fall through a shaft for 2 floors!
108114 | Zot:4    | Learned a level 9 spell: Fire Storm
109982 | Zot:2    | Reached skill level 10 in Fire Magic
111466 | Zot:3    | Identified the Reference Book on Feathery Talismans
111474 | Zot:3    | Learned a level 3 spell: Regeneration
112191 | Zot:5    | Entered Level 5 of the Realm of Zot
112435 | Zot:5    | Reached skill level 15 in Dodging
113167 | D:15     | You paid a toll of +3 gold dragon scales to enter a
                  | treasure trove
113168 | Trove    | Entered a treasure trove
113168 | Trove    | Found the ring of the Mage {Wiz MR++ Int+3}
113171 | Trove    | Got a crude silver amulet
113173 | Trove    | Got a sparkling golden amulet
113184 | Trove    | Got a translucent pewter ring
113186 | Trove    | Got a pitted golden ring
113193 | Trove    | Got a flickering ivory ring
113198 | Trove    | Got a coiled bone ring
113200 | Trove    | Got a vibrating steel ring
113203 | Trove    | Got a flickering lead ring
113231 | D:15     | Identified the amulet "Heahurr" {Faith rN+ Str+3 Slay-2}
                  | (You found it in a treasure trove)
113233 | D:15     | Identified the amulet of Baqam {Harm *Drain Fragile rElec
                  | rPois Str-2} (You found it in a treasure trove)
113235 | D:15     | Identified the ring of the Fifty Lives {rPois rC+ MP+9
                  | Str+7 Dex-5} (You found it in a treasure trove)
113237 | D:15     | Identified the ring "Jalewnegyl" {+Blink rElec MP+9 Str-3
                  | Int-2} (You found it in a treasure trove)
113239 | D:15     | Identified the ring of Host {Str+5 Stlth+} (You found it in
                  | a treasure trove)
113241 | D:15     | Identified the cursed ring of Okky {+Fly rElec rC+ Str-3}
                  | (You found it in a treasure trove)
113243 | D:15     | Identified the ring of Kidiuw {rF++ MP+9} (You found it in
                  | a treasure trove)
113245 | D:15     | Identified the ring "Dysi" {*Tele Dex+2} (You found it in a
                  | treasure trove)
113326 | D:13     | Upgraded the game from 0.23.0 to 0.23.0-3-gf3c87f2df8
113326 | D:13     | Lost mutation: Scrolls take you a little longer to read.
                  | [potion of mutation]
113326 | D:13     | Lost mutation: You are dopey. (Int -2) [potion of mutation]
113326 | D:13     | Gained mutation: You have sharp toenails. [potion of
                  | mutation]
113490 | Pan      | Entered Pandemonium
113505 | Pan      | Noticed Tido the pandemonium lord
113980 | Pan      | Noticed Ushrawi the pandemonium lord
114025 | Pan      | Entered the realm of Cerebov.
114041 | Pan      | Found an exit through the horrors of the Abyss.
114129 | Pan      | Identified the +6 broad axe of Regicide {flame, rPois rF+
                  | Int+4} (You found it in Pandemonium)
114963 | Pan      | Reached skill level 15 in Fire Magic
115106 | Pan      | Identified Sif Muna's Volume of the Mountains and Summoning
115342 | Pan      | Identified the +9 mace of Terror {flame, Stlth+} (You found
                  | it in Pandemonium)
115940 | Pan      | Identified the ring "Deitti" {rElec AC+3 Str+8 Dex+4 SInv}
116573 | Pan      | Identified the +6 sword of Cerebov {flame}
116573 | Pan      | Noticed Cerebov
116781 | Pan      | Killed Cerebov
117051 | Pan      | Got a fiery rune of Zot
117566 | Pan      | Noticed Nesmudd the pandemonium lord
117570 | Pan      | Killed Nesmudd the pandemonium lord
117727 | Pan      | Entered the realm of Lom Lobon.
117730 | Pan      | Found an exit through the horrors of the Abyss.
117796 | Pan      | Identified Sif Muna's Volume of Igneous Poisoning
118418 | Pan      | Noticed Lom Lobon
119160 | Pan      | Got a magical rune of Zot
119273 | Pan      | Killed Lom Lobon
120644 | Pan      | Noticed Zupt the pandemonium lord
120647 | Pan      | Paralysed by Zupt for 7 turns
120661 | Pan      | Killed Zupt the pandemonium lord
121480 | Pan      | Noticed Lacremua the pandemonium lord
121706 | Pan      | Killed Lacremua the pandemonium lord
121714 | Pan      | Learned a level 1 spell: Summon Butterflies
121723 | Pan      | Learned a level 8 spell: Controlled Blink
121858 | Pan      | Noticed Joth the pandemonium lord
121868 | Pan      | Killed Joth the pandemonium lord
122236 | Pan      | Got a demonic rune of Zot
122262 | Pan      | Entered the realm of Mnoleg.
122551 | Pan      | Paralysed by the power of Zot for 5 turns
122719 | Pan      | Gained mutation: You are clumsy. (Dex -2) [a cacodemon]
123051 | Pan      | Noticed Mnoleg
123063 | Pan      | Killed Mnoleg
123528 | Pan      | Got a glowing rune of Zot
123646 | Pan      | Identified the amulet of Monotheism {Faith Str+7} (You
                  | acquired it in Pandemonium)
123771 | Pan      | Noticed Qeune the pandemonium lord
123778 | Pan      | Killed Qeune the pandemonium lord
124015 | Pan      | Entered the realm of Gloorx Vloq.
124411 | Pan      | Noticed Gloorx Vloq
124421 | Pan      | Killed Gloorx Vloq
124794 | Pan      | Got a dark rune of Zot
124921 | Depths:3 | Escaped Pandemonium
125022 | Geh:1    | Entered Level 1 of Gehenna
125535 | Geh:6    | Reached skill level 10 in Translocations
125724 | Geh:7    | Entered Level 7 of Gehenna
125878 | Geh:7    | Noticed the Serpent of Hell
126416 | Geh:7    | Killed the Serpent of Hell
126536 | Geh:7    | Identified the +7 sceptre of Asmodeus
126536 | Geh:7    | Noticed Asmodeus
126545 | Geh:7    | Killed Asmodeus
126602 | Geh:7    | Got an obsidian rune of Zot
126667 | Tar:1    | Entered Level 1 of Tartarus
126890 | Tar:3    | Reached skill level 15 in Translocations
127943 | Tar:7    | Entered Level 7 of Tartarus
129827 | Tar:7    | Noticed Ereshkigal
129835 | Tar:7    | Killed Ereshkigal
129921 | Tar:7    | Got a bone rune of Zot
130440 | Coc:1    | Entered Level 1 of Cocytus
131053 | Coc:7    | Entered Level 7 of Cocytus
131578 | Coc:7    | Identified the +2 pair of boots of Xeeho {rPois} (You found
                  | it on level 7 of Cocytus)
131580 | Coc:7    | Found the cursed +14 obsidian axe {chop, +Fly SInv *Curse}
131592 | Coc:7    | Identified the Collected Works on Dark Rites and Poison
131689 | Coc:7    | Reached skill level 15 in Armour
131920 | Coc:7    | Noticed Antaeus
131938 | Coc:7    | Killed Antaeus
132004 | Coc:7    | Got an icy rune of Zot
132016 | Coc:7    | Identified the cursed +1 ring mail of the Morning Star
                  | {Slay+3} (You found it on level 7 of Cocytus)
132621 | Tomb:1   | Entered Level 1 of the Tomb of the Ancients
132916 | Tomb:1   | Noticed a greater mummy
132918 | Tomb:1   | Noticed a greater mummy
132921 | Tomb:1   | Killed a greater mummy
132921 | Tomb:1   | Noticed a greater mummy
132938 | Tomb:1   | Killed a greater mummy
132940 | Tomb:1   | Killed a greater mummy
133140 | Tomb:2   | Noticed a greater mummy
133145 | Tomb:2   | Noticed a greater mummy
133149 | Tomb:2   | Killed a greater mummy
133152 | Tomb:2   | Killed a greater mummy
133162 | Tomb:2   | Noticed a greater mummy
133164 | Tomb:2   | Noticed a greater mummy
133165 | Tomb:2   | Killed a greater mummy
133168 | Tomb:2   | Killed a greater mummy
133346 | Tomb:2   | Noticed Mara
133595 | Tomb:2   | Killed Mara
133719 | Tomb:2   | Noticed Boris
133723 | Tomb:2   | Killed Boris
133983 | Tomb:3   | Entered Level 3 of the Tomb of the Ancients
134001 | Tomb:3   | Noticed Boris
134004 | Tomb:3   | Killed Boris
134161 | Tomb:3   | Noticed a greater mummy
134165 | Tomb:3   | Noticed a greater mummy
134165 | Tomb:3   | Killed a greater mummy
134166 | Tomb:3   | Noticed a greater mummy
134408 | Tomb:3   | Noticed a greater mummy
134410 | Tomb:3   | Killed a greater mummy
134413 | Tomb:3   | Killed a greater mummy
134415 | Tomb:3   | Noticed an ancient lich
134416 | Tomb:3   | Noticed an ancient lich
134418 | Tomb:3   | Killed a greater mummy
134419 | Tomb:3   | Killed an ancient lich
134421 | Tomb:3   | Killed an ancient lich
134578 | Tomb:3   | Noticed a greater mummy
134582 | Tomb:3   | Killed a greater mummy
134587 | Tomb:3   | Noticed Khufu
134703 | Tomb:3   | Killed Khufu
134704 | Tomb:3   | Noticed a greater mummy
134840 | Tomb:3   | Killed a greater mummy
134929 | Tomb:3   | Identified the +7 broad axe of Doubt {freeze, rElec rF+
                  | Str+3} (You found it on level 3 of the Tomb of the
                  | Ancients)
134941 | Tomb:3   | Identified the cursed +1 plate armour of Etsair {+Inv SInv}
                  | (You found it on level 3 of the Tomb of the Ancients)
135081 | Tomb:3   | Got a golden rune of Zot
135826 | Zot:5    | Noticed an ancient lich
135836 | Zot:5    | Killed an ancient lich
135836 | Zot:5    | Reached skill level 15 in Maces & Flails
136073 | Zot:5    | Noticed an ancient lich
136077 | Zot:5    | Killed an ancient lich
136114 | Zot:5    | Noticed an orb of fire
136118 | Zot:5    | Gained mutation: Your body sometimes deteriorates upon
                  | taking damage. [an orb of fire]
136120 | Zot:5    | Killed an orb of fire
136149 | Zot:5    | Noticed an orb of fire
136150 | Zot:5    | Noticed an ancient lich
136164 | Zot:5    | Killed an orb of fire
136170 | Zot:5    | Killed an ancient lich
136564 | Zot:5    | Got the Orb of Zot
137241 | D:$      | Escaped with the Orb!

Skill      XL: |  1  2  3  4  5  6  7  8  9 10 11 12 13 14 15 16 17 18 19 20 21 22 23 24 25 26 27 |
---------------+----------------------------------------------------------------------------------+-----
Earth Magic    | 4 5 8 10 12 14 17 19 22 23 | 23.0
Transmutations | 1 2 |  2.0
Spellcasting   | 3 5 6 8 9 11 13 14 15 16 17 21 | 21.1
Conjurations   | 3 6 9 13 24 | 24.0
Hexes          | 1 |  1.1
Fighting       | 1 4 6 9 11 12 14 16 17 19 21 22 23 27 | 27.0
Evocations     | 4 7 15 | 15.0
Dodging        | 4 7 8 9 11 15 | 15.0
Fire Magic     | 4 5 22 | 22.0
Armour         | 3 5 7 9 12 20 | 20.7
Translocations | 3 6 20 | 20.0
Shields        | 4 |  4.1
Maces & Flails | 3 8 11 12 16 | 16.0
Summonings     | 8 10 | 10.0
Stealth        | 8 12 | 12.4
Charms         | 6 8 |  8.1
Air Magic      | 8 |  8.0

Action                   |  1- 3 |  4- 6 |  7- 9 | 10-12 | 13-15 | 16-18 | 19-21 | 22-24 | 25-27 || total
-------------------------+-------+-------+-------+-------+-------+-------+-------+-------+-------++-------
Melee: Unarmed           |    18 |       |       |       |       |       |       |     1 |       ||    19
       Dagger            |    55 |    60 |   174 |       |       |       |       |       |       ||   289
       Rapier            |       |       |       |    10 |    82 |       |       |       |       ||    92
       Morningstar       |       |       |       |       |     7 |       |       |       |       ||     7
       Flail             |       |       |       |       |    62 |   170 |   210 |    23 |       ||   465
       Demon whip        |       |       |       |       |       |       |       |   279 |  1218 ||  1497
       Sacred scourge    |       |       |       |       |       |       |       |       |  2237 ||  2237
       Staff             |       |       |       |       |       |       |       |       |    12 ||    12
Throw: Stone             |       |     2 |       |     8 |     9 |    10 |     2 |       |       ||    31
 Cast: Sandblast         |    45 |    34 |    53 |   171 |   138 |   163 |    16 |       |       ||   620
       Stone Arrow       |       |    17 |   120 |   177 |   638 |   729 |    97 |       |       ||  1778
       Lee's Rapid Decon |       |       |       |    58 |   103 |   152 |   363 |   212 |    65 ||   953
       Petrify           |       |       |       |     1 |       |       |       |       |       ||     1
       Fireball          |       |       |       |     1 |    30 |     4 |    90 |     8 |    25 ||   158
       Passwall          |       |       |       |       |     2 |       |       |       |       ||     2
       Confusing Touch   |       |       |       |       |     1 |       |     1 |     1 |       ||     3
       Blink             |       |       |       |       |     4 |     7 |     4 |     1 |     9 ||    25
       Iron Shot         |       |       |       |       |    18 |   119 |   132 |   204 |  1640 ||  2113
       Passage of Golubr |       |       |       |       |       |     4 |     5 |     1 |    16 ||    26
       Spellforged Servi |       |       |       |       |       |       |    49 |    27 |   234 ||   310
       Shatter           |       |       |       |       |       |       |       |    56 |   196 ||   252
       Apportation       |       |       |       |       |       |       |       |       |    10 ||    10
       Lehudib's Crystal |       |       |       |       |       |       |       |       |   225 ||   225
       Fire Storm        |       |       |       |       |       |       |       |       |    61 ||    61
       Regeneration      |       |       |       |       |       |       |       |       |    25 ||    25
       Deflect Missiles  |       |       |       |       |       |       |       |       |     9 ||     9
       Controlled Blink  |       |       |       |       |       |       |       |       |     7 ||     7
       Summon Butterflie |       |       |       |       |       |       |       |       |     2 ||     2
       Swiftness         |       |       |       |       |       |       |       |       |     1 ||     1
 Abil: Fly               |       |       |       |       |     1 |       |       |       |     2 ||     3
       Stop Flying       |       |       |       |       |       |       |       |     1 |     1 ||     2
Evoke: Wand              |       |       |       |     1 |    31 |    41 |    19 |     6 |    22 ||   120
       Box of beasts     |       |       |       |       |       |     7 |       |       |     1 ||     8
       Fan of gales      |       |       |       |       |       |     2 |       |       |     3 ||     5
       Lamp of fire      |       |       |       |       |       |       |       |       |     5 ||     5
       Staff of energy   |       |       |       |       |       |       |       |       |   549 ||   549
       Crystal ball of e |       |       |       |       |       |       |       |       |     9 ||     9
       Horn of Geryon    |       |       |       |       |       |       |       |       |     1 ||     1
       Phial of floods   |       |       |       |       |       |       |       |       |     1 ||     1
       Sack of spiders   |       |       |       |       |       |       |       |       |     1 ||     1
  Use: Scroll            |       |       |       |    24 |    11 |     6 |     8 |    18 |    64 ||   131
       Potion            |       |       |       |       |       |       |       |     1 |    36 ||    37
 Stab: Sleeping          |     4 |       |     1 |       |     1 |       |     3 |     1 |    20 ||    30
       Paralysed         |       |       |       |       |       |     9 |       |       |       ||     9
       Distracted        |       |       |       |       |       |     3 |     1 |     5 |    37 ||    46
       Petrified         |       |       |       |       |       |       |       |       |     2 ||     2
  Eat: Chunk             |     3 |     6 |    14 |    32 |    64 |    41 |    69 |    18 |    86 ||   333
       Ration            |       |       |     1 |     2 |     4 |    16 |     1 |    14 |    49 ||    87
Armor: Robe              |    28 |    29 |    88 |    11 |       |       |       |       |       ||   156
       Steam dragon scal |       |       |       |    59 |   244 |   427 |   197 |   218 |   779 ||  1924
       Skin              |       |       |       |       |       |       |       |       |     1 ||     1
       Quicksilver drago |       |       |       |       |       |       |       |       |   745 ||   745
       Ice dragon scales |       |       |       |       |       |       |       |       |   218 ||   218
Dodge: Dodged            |    38 |    27 |   160 |   112 |   371 |   574 |   321 |   308 |  2852 ||  4763
       Deflected         |       |       |       |       |       |       |       |       |   118 ||   118
Block: Buckler           |       |       |       |       |   113 |   173 |    92 |   112 |   932 ||  1422
       Reflection        |       |       |       |       |       |       |       |     1 |    27 ||    28
